 Dungeon Crawl Stone Soup version 0.26-a0-497-g0187308201 (webtiles) character file.

Game seed: 13988577154753768981

8 BritishOli the Skirmisher (level 2, 18/24 HPs)
             Began as a Demonspawn Fighter on Aug 5, 2020.
             Quit the game on level 1 of the Dungeon.
             The game lasted 00:00:16 (148 turns).

BritishOli the Skirmisher (Demonspawn Fighter)       Turns: 148, Time: 00:00:16

Health: 18/24      AC:  6    Str: 16    XL:     2   Next: 0%
Magic:  2/2        EV:  6    Int:  9    God:
Gold:   41         SH:  8    Dex: 12    Spells: 1/1 levels left

rFire    . . .     SeeInvis .   a - +0 long sword
rCold    . . .     Faith    .   c - +0 kite shield
rNeg     . . .     Spirit   .   b - +0 scale mail
rPois    .         Reflect  .   (no helmet)
rElec    .         Harm     .   (no cloak)
rCorr    .                      (no gloves)
MR       .....                  (no boots)
Stlth    ..........             (no amulet)
HPRegen  0.08/turn              (no ring)
MPRegen  0.08/turn              (no ring)

@: no status effects
A: talons 1
a: no special abilities


You were on level 1 of the Dungeon.
You visited 1 branch of the dungeon, and saw 1 of its levels.

You collected 41 gold pieces.

Inventory:

Hand Weapons
 a - a +0 long sword (weapon)
Armour
 b - a +0 scale mail (worn)
 c - a +0 kite shield (worn)
Scrolls
 e - a scroll of identify {unknown}
Potions
 d - 2 potions of might
 f - a potion of lignification {unknown}


   Skills:
 + Level 3.1 Fighting
 + Level 2.0 Long Blades
 + Level 2.8 Armour
 + Level 2.8 Shields


You had one spell level left.
You didn't know any spells.
Your spell library was empty.

Dungeon Overview and Level Annotations

Branches:
Dungeon (1/15)

Altars:


Innate Abilities, Weirdness & Mutations

You have sharp toenails.


Message History

No target in view!
No target in view!
A goblin comes into view. It is wielding a +0 club.
The goblin shouts!
Found 16 gold pieces.
A goblin is nearby!
The goblin hits you but does no damage.
A goblin is nearby!
You closely miss the goblin. You block the goblin's attack.
The goblin barely misses you.
You riposte.
You closely miss the goblin. You closely miss the goblin.
The goblin hits you with a +0 club.
A goblin is nearby!
You hit the goblin.
You kill the goblin!
Your Long Blades skill increases to level 2!
You have reached level 2!
You feel monstrous as your demonic heritage exerts itself.
Your demonic ancestry asserts itself...
Your toenails lengthen and sharpen.
Are you sure you want to abandon this character and quit the game? (Confirm with "yes".)

. ### .$......
. .. #......
#. #. #.....
#.##.##.#..#
####
###..........#
#...
#........#...#
#...
###......#...#
#...
......)@.....#
#...
.........##..#
#...
###......##..#
#...
.............#
#...
............##
#.##
##########...#
#.# #.#.## #.#
#.#..# #.#
#.##.#######.#


There were no monsters in sight!

Vanquished Creatures
  A goblin (D:1)
  4 hobgoblins (D:1)
  A kobold (D:1)
6 creatures vanquished.

Notes
Turn   | Place    | Note
-------+----------+-------------------------------------------
     0 | D:1      | BritishOli the Demonspawn Fighter began the quest for the
                  | Orb.
     0 | D:1      | Reached XP level 1. HP: 18/18 MP: 1/1
   147 | D:1      | Gained mutation: You have sharp toenails. [demonic
                  | ancestry]
   147 | D:1      | Reached XP level 2. HP: 18/24 MP: 2/2
   148 | D:1      | Quit the game

Illustrated notes

Levels and vault maps discovered:
D:1:      giann_bridges, layout_basic, chequers_serial_rivers_micro_c

Skill      XL: |  1 |
---------------+----+-----
Long Blades    | 2 |  2.0
Fighting       | |  3.1
Armour         | |  2.8
Shields        | |  2.8

Action                   || total
-------------------------++-------
Melee: Long sword        ||     8
Armor: Scale mail        ||     2
Dodge: Dodged            ||     3
Block: Kite shield       ||     1
       Rpst.: Long sword ||     3

Table legend: (Time is in decaauts)
 A = Elapsed time spent in this place.
 B = Non-inter-level travel time spent in this place.
 C = Inter-level travel time spent in this place.
 D = Time resting spent in this place.
 E = Time spent auto-exploring this place.
 F = Levels seen in this place.
 G = Mean time per level.
                   A        B        C        D        E       F      G
               +--------+--------+--------+--------+--------+-----+--------+
         Total |    151 |    151 |      0 |      0 |    121 |   1 |  151.0 |
       Dungeon |    151 |    151 |      0 |      0 |    121 |   1 |  151.0 |
               +--------+--------+--------+--------+--------+-----+--------+

Top non-repeatable levels by time:
     D:1: 151 daAuts
